 Dungeon Crawl Stone Soup version 0.29-a0-275-g389c0b56f3 (webtiles) character file.

Game seed: 14689490322510204515

883 Morbidden the Ruffian (level 7, 0/66 HPs)
             Began as a Troll Conjurer on Mar 10, 2022.
             Was an Initiate of Cheibriados.
             Slain by an ufetubus (4 damage)
             ... on level 5 of the Dungeon.
             The game lasted 00:06:26 (4147 turns).

Morbidden the Ruffian (Troll Conjurer)              Turns: 4147, Time: 00:06:26

Health: 0/66       AC:  4    Str: 17    XL:     7   Next: 76%
Magic:  8/8        EV: 10    Int: 17    God:    Cheibriados [......]
Gold:   273        SH:  0    Dex:  9    Spells: 4/10 levels left

rFire   . . .      SeeInvis .     - Unarmed
rCold   . . .      Faith    .   (no shield)
rNeg    + . .      Spirit   .   a - +0 robe
rPois   .          Reflect  .   (helmet restricted)
rElec   .          Harm     .   (no cloak)
rCorr   .          Rampage  .   (gloves unavailable)
Will    .....                   (boots unavailable)
Stlth   +.........              d - amulet of the acrobat
HPRegen 1.01/turn               l - ring of positive energy
MPRegen 0.11/turn               (no ring)

@: slow
A: large, unfitting armour, claws 3, regeneration 1, shaggy fur 1, tough skin 1,
horns 1, low MP 1
a: Renounce Religion


You were on level 5 of the Dungeon.
You worshipped Cheibriados.
Cheibriados was noncommittal.
You visited 2 branches of the dungeon, and saw 6 of its levels.

You collected 273 gold pieces.

Inventory:

Armour
 a - a +0 robe (worn)
Jewellery
 d - an amulet of the acrobat (around neck)
 l - a ring of positive energy (left claw)
Scrolls
 c - 2 scrolls of identify
 f - a scroll of teleportation
 g - a scroll of immolation
 j - a scroll of magic mapping {unknown}
Potions
 b - a potion of magic
 k - 2 potions of brilliance


   Skills:
 * Level 2.3 Fighting
 * Level 3.2 Dodging
 + Level 1.2 Stealth
 * Level 4.4 Unarmed Combat
 * Level 2.4 Spellcasting
 * Level 4.0 Conjurations
 * Level 2.0 Earth Magic
 * Level 0.4 Invocations


You had 4 spell levels left.
You knew the following spells:

 Your Spells              Type           Power      Damage    Failure   Level
a - Magic Dart            Conj           60%        1d6       3%          1
b - Searing Ray           Conj           30%        2d5       5%          2
c - Stone Arrow           Conj/Erth      24%        3d8       16%         3

Your spell library contained the following spells:

 Spells                   Type           Power      Damage    Failure   Level
 Sandblast                Erth           16%        2d6       9%          1
 Passwall                 Tmut/Erth      4%         N/A       19%         2
 Dazzling Flash           Conj/Hex       16%        N/A       24%         3
 Call Canine Familiar     Summ           2%         N/A       50%         3
 Portal Projectile        Hex/Tloc       4%         N/A       50%         3
 Fulminant Prism          Conj/Hex       4%         3d6       63%         4
 Iskenderun's Mystic Bla  Conj/Tloc      8%         2d4       63%         4
 Leda's Liquefaction      Hex/Erth       2%         N/A       77%         4


Dungeon Overview and Level Annotations

Branches:
Dungeon (5/15)             Temple (1/1) D:5

Altars:
Ashenzari
Cheibriados
Dithmenos
Elyvilon
Fedhas
Gozag
Hepliaklqana
Kikubaaqudgha
Nemelex Xobeh
Okawaru
Qazlal
Ru
Sif Muna
Uskayaw
Vehumet
Wu Jian
The Shining One

Shops:
D:4 *


Innate Abilities, Weirdness & Mutations

You are too large for most types of armour.
You have claws for hands.
Your natural rate of healing is unusually fast.
You are covered in fur. (AC +1)
You have tough skin. (AC +1)
You have a pair of small horns on your head.
Your magical capacity is low. (-10% MP)


Message History

The water moccasin is lightly wounded.
The ufetubus closely misses you. The ufetubus barely misses you.
The water moccasin bites you.
You are poisoned.
The water moccasin poisons you! The bullfrog hits you.
The ufetubus closely misses you. The ufetubus hits you.
* * * LOW HITPOINT WARNING * * *
The water moccasin barely misses you.
You miss the water moccasin. You headbutt the water moccasin.
The water moccasin is moderately wounded.
You feel very sick. The bullfrog barely misses you. The ufetubus hits you.
* * * LOW HITPOINT WARNING * * *
The ufetubus barely misses you. The water moccasin bites you.
* * * LOW HITPOINT WARNING * * *
The bullfrog hits you!
* * * LOW HITPOINT WARNING * * *
Unknown command.
It was a potion of curing.
You feel better.
The ufetubus hits you but does no damage.
The ufetubus hits you.
* * * LOW HITPOINT WARNING * * *
The water moccasin bites you but does no damage.
The bullfrog hits you.
* * * LOW HITPOINT WARNING * * *
The ufetubus hits you but does no damage.
The ufetubus closely misses you.
Unknown command.
Unknown command.
Okay, then.
You aren't carrying any items that you can evoke.
Unknown command.
As you read the scroll labelled BIUCLA GUFROFF, it crumbles to dust.
It is a scroll of identify.
g - a scroll of immolation The water moccasin bites you but does no damage.
The bullfrog hits you.
* * * LOW HITPOINT WARNING * * *
The ufetubus hits you.
You die...

....###.#....####...
.#. ###...†........#
###.#...........#
#......?.......##
#.###.....###....#
#.#####_#####..#...#
..###.....###..# ..#
...........F...###.##.
.#..$..#...5@.........
####......S...###..
#..........###
..##..........
.<......#######
.......... ...#.###.#
## ## .# .#


You could see a water moccasin, a bullfrog and an ufetubus.

Vanquished Creatures
  2 black bears
  A centaur (D:5)
  2 phantoms
  A scorpion (D:4)
  A gnoll shaman (D:4)
  An orc priest (D:4)
  A hound (D:4)
  An iguana (D:4)
  2 orc wizards (D:4)
  10 gnolls
  6 adders
  A worm (D:2)
  2 dart slugs (D:1)
  13 orcs
  7 endoplasms
  3 giant cockroaches
  4 goblins
  8 hobgoblins
  A quokka (D:4)
  6 ball pythons
  3 bats
  5 frilled lizards
  9 kobolds
  3 rats
93 creatures vanquished.

Vanquished Creatures (others)
  An orc wizard (D:4)
1 creature vanquished.

Grand Total: 94 creatures vanquished

Notes
Turn   | Place    | Note
-------+----------+-------------------------------------------
     0 | D:1      | Morbidden the Troll Conjurer began the quest for the Orb.
     0 | D:1      | Reached XP level 1. HP: 16/16 MP: 1/1
   143 | D:1      | Reached XP level 2. HP: 22/26 MP: 3/3
   425 | D:1      | Reached skill level 1 in Fighting
   582 | D:2      | Reached XP level 3. HP: 33/33 MP: 4/4
   585 | D:2      | Learned a level 2 spell: Searing Ray
   924 | D:2      | Found a hide-covered altar of Uskayaw.
  1219 | D:2      | Found a faded altar of an unknown god.
  1362 | D:2      | Reached skill level 1 in Unarmed Combat
  1740 | D:3      | Reached XP level 4. HP: 41/41 MP: 0/5
  2236 | D:3      | Learned a level 3 spell: Stone Arrow
  2276 | D:3      | Found a shadowy altar of Dithmenos.
  2557 | D:4      | Found a white marble altar of Elyvilon.
  2557 | D:4      | Found a sacrificial altar of Ru.
  2557 | D:4      | Found an opulent altar of Gozag.
  2760 | D:4      | Noticed a black bear
  2767 | D:4      | Noticed a scorpion
  2781 | D:4      | Reached XP level 5. HP: 48/48 MP: 6/6
  2877 | D:4      | Noticed a phantom
  2904 | D:4      | Killed a phantom
  2905 | D:4      | Reached XP level 6. HP: 22/57 MP: 3/8
  3059 | D:4      | Reached skill level 1 in Earth Magic
  3059 | D:4      | Found a hazy altar of Hepliaklqana.
  3088 | D:4      | Gained mutation: Your magical capacity is low. (-10% MP)
                  | [potion of mutation]
  3088 | D:4      | Gained mutation: You have a pair of small horns on your
                  | head. [potion of mutation]
  3089 | D:4      | HP: 3/85 [orc/boomerang (3)]
  3279 | D:4      | Found Ojukal's Assorted Antiques.
  3659 | D:4      | Reached XP level 7. HP: 55/65 MP: 8/8
  3866 | D:5      | Entered Level 5 of the Dungeon
  3900 | D:5      | Found a staircase to the Ecumenical Temple.
  3962 | D:5      | Found an iron altar of Okawaru.
  3996 | Temple   | Entered the Ecumenical Temple
  4073 | Temple   | Became a worshipper of Cheibriados the Contemplative
  4119 | D:5      | Found a broken altar of Ashenzari.
  4145 | D:5      | HP: 2/66 [bullfrog (7)]
  4147 | D:5      | Slain by an ufetubus

Illustrated notes

Levels and vault maps discovered:
D:1:      minmay_arrival_loop, layout_rooms
D:2:      layout_loops_ring, basic_altar, shapermc_ecumenical_altar_hornbeckon,
          grunt_decor_mini_mirrors
D:3:      layout_loops_ring, mainiacjoe_overflow_alcove_2
D:4:      layout_loops_cross, nicolae_overflow_crystal_walls,
          gammafunk_temple_overflow_forgotten, serial_shops,
          nicolae_shop_hallway_plus
D:5:      minmay_diamond_boxcup, layout_rooms, cheibrodos_ashenzari_chains,
          okawaru_altar_gauntlet_db, lemuel_coloured_pillars_altar,
          minmay_temple_entry_overgrown
Temple:   compressed_dpeg_triangle_lava_temple

Skill      XL: |  1  2  3  4  5  6  7 |
---------------+----------------------+-----
Conjurations   | 3 4 |  4.0
Fighting       | 1 2 |  2.3
Unarmed Combat | 1 2 3 4 |  4.4
Dodging        | 2 3 |  3.2
Spellcasting   | 2 |  2.4
Earth Magic    | 1 2 |  2.0
Stealth        | |  1.2
Invocations    | |  0.4

Action                   |  1- 3 |  4- 6 |  7- 9 || total
-------------------------+-------+-------+-------++-------
Melee: Unarmed           |    82 |   128 |    76 ||   286
       Punch             |     1 |     1 |     4 ||     6
       Headbutt          |       |       |    13 ||    13
 Cast: Magic Dart        |    44 |    48 |       ||    92
       Searing Ray       |       |     2 |       ||     2
  Use: Scroll            |       |     3 |     1 ||     4
       Potion            |       |     6 |     1 ||     7
 Stab: Sleeping          |       |     1 |       ||     1
Armor: Robe              |    27 |    46 |    26 ||    99
       Skin              |       |     2 |       ||     2
Dodge: Dodged            |    39 |    88 |    63 ||   190

Table legend: (Time is in decaauts)
 A = Elapsed time spent in this place.
 B = Non-inter-level travel time spent in this place.
 C = Inter-level travel time spent in this place.
 D = Time resting spent in this place.
 E = Time spent auto-exploring this place.
 F = Levels seen in this place.
 G = Mean time per level.
                   A        B        C        D        E       F      G
               +--------+--------+--------+--------+--------+-----+--------+
         Total |   4152 |   3985 |    167 |    222 |   2990 |   6 |  692.0 |
       Dungeon |   4051 |   3905 |    146 |    222 |   2930 |   5 |  810.2 |
        Temple |    100 |     79 |     21 |      0 |     60 |   1 |  100.0 |
               +--------+--------+--------+--------+--------+-----+--------+

Top non-repeatable levels by time:
     D:4: 1274 daAuts
     D:3: 1066 daAuts
     D:2: 976 daAuts
     D:1: 544 daAuts
     D:5: 190 daAuts
  Temple: 100 daAuts
